 Dungeon Crawl Stone Soup version 0.17-a0-1655-g88a8506 (webtiles) character file.

582 Goblin1989 the Grappler (level 7, -2/52 HPs)
             Began as a White Draconian Transmuter on Aug 15, 2015.
             Killed by nerve-wracking pain
             ... invoked by an orc priest
              (13 damage)
             ... on level 4 of the Dungeon.
             The game lasted 00:17:03 (5947 turns).

Goblin1989 the Grappler (DrTm)                      Turns: 5947, Time: 00:17:03

Health: -2/52      AC:  6    Str: 12    XL:     7   Next: 14%
Magic:  9/10       EV: 12    Int: 16    God:
Gold:   256        SH:  0    Dex: 11    Spells: 3 memorised, 3 levels left

rFire  . . .     SeeInvis .       - Unarmed
rCold  + . .     Clarity  .     (armour unavailable)
rNeg   . . .     SustAt   .     (no shield)
rPois  .         Gourm    .     (helmet restricted)
rElec  .         Spirit   .     (no cloak)
rCorr  .         Warding  .     (no gloves)
rMut   .         Stasis   +     (boots currently unavailable)
MR     .....                    h - amulet of stasis
Stlth  +.........               (no ring)
                                (no ring)

@: appendage, not resistant to hostile enchantments, very unstealthy
A: breathe frost, unfitting armour, talons 3, cold resistance 1, cold-blooded,
AC +6
a: Breathe Frost, End Transformation


You were on level 4 of the Dungeon.
You were not hungry.
You had grown temporary talons.
You visited 2 branches of the dungeon, and saw 6 of its levels.

You collected 256 gold pieces.

Inventory:

Missiles
 a - 33 arrows
 i - 11 arrows of frost
Jewellery
 h - an amulet of stasis (around neck)
Magical devices
 u - a wand of digging (11)
Scrolls
 d - 4 scrolls of remove curse {unknown}
 f - 2 scrolls of enchant weapon {unknown}
 g - 3 scrolls of teleportation {unknown}
 j - a scroll of amnesia {unknown}
 k - a scroll of recharging {unknown}
 m - a scroll of fear {unknown}
 r - a scroll of fog {unknown}
 t - 3 scrolls of identify {unknown}
Potions
 l - a potion of flight
 p - a potion of curing
 q - 2 potions of haste {unknown}
 s - a potion of degeneration {unknown}
Books
 b - a book of Changes

   Spells                             Type                      Level
   a - Beastly Appendage              Transmutation                1
   b - Sticks to Snakes               Transmutation                2
   c - Spider Form                    Transmutation/Poison         3
   d - Ice Form                       Ice/Transmutation            4
   e - Blade Hands                    Transmutation                5
Comestibles
 c - 7 bread rations
 n - 3 meat rations
 o - a chunk of flesh
 v - 5 fruits


   Skills:
 + Level 1.2 Fighting
 - Level 1.7 Dodging
 - Level 8.0 Unarmed Combat
 - Level 2.0 Spellcasting
 * Level 2.3 Transmutations
 * Level 1.0 Ice Magic


You had 3 spell levels left.
You knew the following spells:

 Your Spells              Type           Power        Failure   Level  Hunger
a - Beastly Appendage     Trmt           #.....       10%         1    #......
b - Ice Form              Ice/Trmt       #.......     91%         4    #####..
c - Sticks to Snakes      Trmt           #.........   14%         2    ###....


Dungeon Overview and Level Annotations

Branches:
Dungeon (5/15)             Temple (1/1) D:4

Altars:
Ashenzari
Dithmenos
Fedhas
Gozag
Kikubaaqudgha
Nemelex Xobeh
Qazlal
Ru
Sif Muna
Trog
Vehumet
Xom
Yredelemnul
Zin
The Shining One


Innate Abilities, Weirdness & Mutations

You can breathe waves of freezing cold.
You can buffet flying creatures when you breathe cold.
Your icy white scales are hard (AC +6).
Your body does not fit into most forms of armour.
Your flesh is cold resistant.
You are cold-blooded and may be slowed by cold attacks.
You have claws for feet.


Message History

The orc hits you but does no damage.
You hit the orc priest but do no damage.
You tail-slap the orc priest, but do no damage.
The orc priest misses you. The orc hits you with a flail!
* * * LOW HITPOINT WARNING * * *
Casting: Beastly Appendage
Confirm with . or Enter, or press ? or * to list all spells.
You extend your transformation's duration.
The orc hits you.
* * * LOW HITPOINT WARNING * * *
The orc priest barely misses you.
You punch the orc priest! You claw the orc priest.
You tail-slap the orc priest, but do no damage.
The orc priest is heavily wounded.
The orc closely misses you. The orc misses you.
You barely miss the orc priest.
The orc priest is heavily wounded.
The orc priest mumbles some strange prayers to Beogh against you.
Pain shoots through your body!
You die...

#### ##..## #....#
##....# #.....#
#### ##.....#
#..## ###.....?##
##..###...####.o##
##......## ##@o#
##....## ##oa#
##...# #....
##...## #.....
##.....# ##### #
##...#..##
.##..#####.##
.....# ##†##
....## ##.#


You could see a worker ant, an orc priest and 2 orcs.

Vanquished Creatures
  The ghost of 4thArraOfDagon the Slasher, an average HEGl of Gozag (D:4)
  A giant frog (D:3)
  2 crimson imps (D:5)
  A centaur skeleton (D:5)
  An orc wizard (D:4)
  A worker ant (D:4)
  An iguana (D:5)
  A worker ant zombie (D:3)
  Robin (D:4)
  2 adders
  2 oozes
  3 worms
  2 giant geckos
  19 orcs
  6 giant cockroaches
  14 goblins
  13 hobgoblins
  9 kobolds
  A quokka (D:2)
  7 bats
  6 giant newts
  6 rats
100 creatures vanquished.

Notes
Turn   | Place    | Note
--------------------------------------------------------------
     0 | D:1      | Goblin1989 the Draconian Transmuter began the quest for the Orb.
     0 | D:1      | Reached XP level 1. HP: 16/16 MP: 3/3
   510 | D:1      | Reached XP level 2. HP: 23/23 MP: 3/5
  1097 | D:2      | Reached skill level 4 in Unarmed Combat
  1317 | D:2      | Reached XP level 3. HP: 24/28 MP: 4/6
  2664 | D:3      | Found an opulent altar of Gozag.
  2715 | D:3      | Reached XP level 4. HP: 31/35 MP: 5/7
  2771 | D:3      | Reached skill level 5 in Unarmed Combat
  3977 | D:3      | Learned a level 4 spell: Ice Form
  4061 | D:4      | Noticed Robin
  4106 | D:4      | Noticed 4thArraOfDagon's ghost (average HEGl)
  4253 | D:3      | Noticed a giant frog
  4262 | D:3      | Killed a giant frog
  4262 | D:3      | Reached skill level 6 in Unarmed Combat
  4262 | D:3      | Reached XP level 5. HP: 33/40 MP: 6/8
  4324 | D:4      | Found a staircase to the Ecumenical Temple.
  4338 | Temple   | Entered the Ecumenical Temple
  4928 | D:5      | Entered Level 5 of the Dungeon
  4932 | D:5      | Learned a level 2 spell: Sticks to Snakes
  5145 | D:5      | Reached XP level 6. HP: 34/47 MP: 9/9
  5299 | D:5      | Found a shimmering altar of Xom.
  5320 | D:5      | Reached skill level 7 in Unarmed Combat
  5403 | D:5      | Found a radiant altar of Vehumet.
  5482 | D:4      | Killed 4thArraOfDagon's ghost
  5482 | D:4      | Reached skill level 8 in Unarmed Combat
  5482 | D:4      | Your scales start taking on an icy white colour.
  5482 | D:4      | Gained mutation: Your flesh is cold resistant. [White Draconian growth]
  5482 | D:4      | Reached XP level 7. HP: 26/52 MP: 10/10
  5707 | D:4      | Killed Robin
  5854 | D:4      | Reached skill level 1 in Ice Magic
  5947 | D:4      | Killed from afar by an orc priest

Vault maps used:
D:1:      dpeg_arrival_line_fractal, amethyst_killhole, serial_bayou_lagoon_a,
          minmay_misc_feat_tower
D:2:      moated_statue
D:3:      grunt_gozag_breadcrumbs, first_bread
D:4:      minmay_temple_entry_steel_oval, uniq_robin
D:5:      vehumet_crystals, led_xom_imps, hangedman_abyss_or_decor_passed
Temple:   chambers_temple_12

Action                   |  1- 3 |  4- 6 |  7- 9 || total
-------------------------+-------+-------+-------++-------
Melee: Unarmed           |   141 |   190 |    69 ||   400
 Cast: Beastly Appendage |    29 |    28 |     8 ||    65
  Use: Potion            |       |     4 |       ||     4
 Stab: Sleeping          |     1 |       |       ||     1
  Eat: Chunk             |     5 |     9 |     2 ||    16
       Beef jerky        |       |     1 |       ||     1
